 Dungeon Crawl Stone Soup version 0.31-a0-214-gb37851dbb3 (webtiles) character file.

Game seed: 7170697219206083184

70 qw the Shooter (level 4, -1/26 HPs)
             Began as a Gargoyle Hexslinger on July 1, 2023.
             Slain by a hobgoblin
             ... wielding a +0 hand axe
              (7 damage)
             ... on level 2 of the Dungeon.
             The game lasted 00:00:38 (1067 turns).

qw the Shooter (Gargoyle Hexslinger)                Turns: 1067, Time: 00:00:38

Health: -1/26      AC:  8    Str: 12    XL:     4   Next: 22%
Magic:  5/5        EV:  7    Int: 13    God:
Gold:   99         SH:  0    Dex: 14    Spells: 4/5 levels left

rFire   . . .        Y - +0 shortbow
rCold   . . .        (shield currently unavailable)
rNeg    + . .        i - +0 ring mail
rPois   inf          (no helmet)
rElec   +            (no cloak)
rCorr   .            (no gloves)
SInv    .            (no boots)
Will    .....        (no amulet)
Stlth   +            (no ring)
HPRegen 0.24/turn    (no ring)
MPRegen 0.09/turn

%: no passive effects
@: constricted
A: sickness immunity, AC +3, negative energy resistance 1, electricity
resistance, torment resistance 1, petrification resistance
a: no special abilities


You were on level 2 of the Dungeon.
You visited 1 branch of the dungeon, and saw 2 of its levels.

You collected 99 gold pieces.


Innate Abilities, Weirdness & Mutations

You are immune to sickness and miasma.
Your stone body is resilient. (AC +3)
You are immune to poison.
You resist negative energy. (rN+)
You are resistant to electric shocks. (rElec)
You are resistant to unholy torment.
You are immune to petrification.


   Skills:
 - Level 2.0 Fighting
 - Level 4.0 Ranged Weapons
 + Level 0.0 Armour
 - Level 1.5 Dodging
 - Level 1.0 Spellcasting
 - Level 2.6 Hexes


You had 4 spell levels left.
You knew the following spells:

 Your Spells              Type           Power      Damage    Failure   Level
a - Slow                  Hex            28%        N/A       22%         1

Your spell library contained the following spells:

 Spells                   Type           Power      Damage    Failure   Level
 Inner Flame              Hex/Fire       4%         N/A       73%         3
 Portal Projectile        Hex/Tloc       8%         N/A       73%         3
 Cause Fear               Hex            3%         N/A       91%         4

Inventory:

Hand Weapons
 Y - a +0 shortbow (weapon)
Armour
 i - a +0 ring mail (worn)
Scrolls
 b - a scroll of identify
 d - a scroll of vulnerability {unknown}
Potions
 a - a potion of lignification {unknown}
 c - a potion of might {unknown}
 e - a potion of ambrosia {unknown}
 f - a potion of degeneration {unknown}
 h - 2 potions of enlightenment {unknown}

Dungeon Overview and Level Annotations

Branches:
Dungeon (2/15)

Altars:


Message History

A rat comes into view.
The hobgoblin hits you with a +0 hand axe.
You shoot an arrow. The arrow closely misses the hobgoblin.
The hobgoblin hits you with a +0 hand axe. x2
You shoot an arrow. The arrow hits the hobgoblin.
The hobgoblin is moderately wounded.
The hobgoblin hits you but does no damage.
The ball python barely misses you. x2
You shoot an arrow. The arrow hits the hobgoblin.
The hobgoblin is severely wounded.
The hobgoblin hits you with a +0 hand axe.
The ball python barely misses you. The ball python grabs you.
The ball python constricts you. The hobgoblin barely misses you.
You shoot an arrow.
The arrow hits the ball python but does no damage.
The ball python bites you but does no damage.
The ball python constricts you. The hobgoblin completely misses you.
The ball python bites you but does no damage.
The ball python constricts you.
You shoot an arrow.
The arrow barely misses the ball python.
The ball python bites you. The ball python constricts you.
The hobgoblin hits you with a +0 hand axe.
You shoot an arrow.
The arrow closely misses the ball python.
The ball python barely misses you. The ball python constricts you.
The hobgoblin hits you but does no damage.
The ball python bites you. The ball python constricts you.
The hobgoblin hits you with a +0 hand axe.
You shoot an arrow.
The arrow closely misses the ball python.
The ball python bites you but does no damage.
The ball python constricts you.
The hobgoblin hits you with a +0 hand axe.
You shoot an arrow. The arrow hits the ball python.
The ball python is heavily wounded.
The ball python bites you but does no damage.
The ball python constricts you.
The hobgoblin hits you with a +0 hand axe!
You die...

#%...##......>......
.........#.##...###.
.....###...###....
..##..##.......... #
..###.##.###..#### .##
)...#.##)##..## ....
..#.#.#>....## ##.....
#.........#######Sr!....
................@g#
.###.......########
.####...%#.#
.##........##
....###..#..####
....#~#..#.....#
....###...#.##.###
........#.#.##...#
....[...#.#.####.####


You could see a hobgoblin, a ball python and a rat.

Vanquished Creatures
  2 adders (D:2)
  2 bats
  4 endoplasms
  6 goblins
  4 hobgoblins
  5 jackals
  7 kobolds
  4 quokkas
  3 ball pythons
  5 frilled lizards
  3 rats
45 creatures vanquished.

Notes
Turn   | Place    | Note
-------+----------+-------------------------------------------
     0 | D:1      | qw the Gargoyle Hexslinger began the quest for the Orb.
     0 | D:1      | Reached XP level 1. HP: 12/12 MP: 2/2
     0 | D:1      | 0 ||| qw: Version: 0.3-a-32-g5962c71
     0 | D:1      | 0 ||| qw: Game counter: 7437
     0 | D:1      | 0 ||| qw: Melee chars always use a shield: true
     0 | D:1      | 0 ||| qw: God list: Okawaru
     0 | D:1      | 0 ||| qw: Allow faded altars: false
     0 | D:1      | 0 ||| qw: Do Orc after clearing Dungeon:15 true
     0 | D:1      | 0 ||| qw: Do second Lair branch before Depths: true
     0 | D:1      | 0 ||| qw: Lair rune preference: random
     0 | D:1      | 0 ||| qw: Goals: Normal
     0 | D:1      | 0 ||| PLANNING D:1-11
   136 | D:1      | Reached XP level 2. HP: 11/16 MP: 3/3
   190 | D:1      | Reached skill level 3 in Ranged Weapons
   425 | D:1      | Reached XP level 3. HP: 21/21 MP: 4/4
   510 | D:1      | 510 ||| SWAPPING to +0 shortbow.
   511 | D:1      | 511 ||| DROPPING +1 sling.
   718 | D:1      | 718 ||| UPGRADING to +0 ring mail.
   728 | D:1      | 728 ||| DROPPING +0 robe.
   729 | D:1      | 729 ||| DROPPING +6 ring of intelligence.
   730 | D:1      | 730 ||| READING scroll labelled QASUXA REINOU.
   731 | D:1      | 731 ||| READING scroll labelled CUEHA BUCYD.
   732 | D:1      | 732 ||| READING scroll labelled VAIHIP JIFOWNOSE.
   733 | D:1      | 733 ||| DROPPING scroll of poison.
   867 | D:2      | Identified the +9 spear of Ru's Grace {chaos, Int+7}
   955 | D:2      | Reached XP level 4. HP: 26/26 MP: 5/5
   977 | D:2      | Found a faded altar of an unknown god.
  1059 | D:2      | Reached skill level 4 in Ranged Weapons
  1066 | D:2      | HP: 6/26 [hobgoblin/+0 hand axe (5)]
  1067 | D:2      | Slain by a hobgoblin

Levels and vault maps discovered:
D:1:      dpeg_arrival_shelter, layout_basic
D:2:      layout_rooms, shapermc_ecumenical_altar_totnotflames,
          serial_park_tiny_1, feat_on_display, uniq_sigmund

Skill      XL: |  1  2  3  4 |
---------------+-------------+-----
Ranged Weapons | 3 4 |  4.0
Fighting       | 2 |  2.0
Dodging        | |  1.5
Spellcasting   | |  1.0
Hexes          | |  2.6

Action                     |  1- 3 |  4- 6 || total
---------------------------+-------+-------++-------
   Fire: Sling             |    88 |       ||    88
         Shortbow          |    64 |    24 ||    88
    Use: Scroll            |     3 |       ||     3
 Armour: Robe              |    13 |       ||    13
         Ring mail         |    28 |    11 ||    39
  Dodge: Dodged            |    65 |    10 ||    75

Table legend:
 A = Non-vault XP
 B = Vault XP
 C = Vault XP percentage of total XP
 D = Non-vault monster count
 E = Vault monster count
 F = Vault count percentage of total count
                 A         B        C        D         E       F
            +---------+---------+-------+---------+---------+-------
      Total |     101 |       0 |   0.0 |      45 |       0 |   0.0
            +---------+---------+-------+---------+---------+-------
        D:1 |      47 |       0 |   0.0 |      28 |       0 |   0.0
        D:2 |      54 |       0 |   0.0 |      17 |       0 |   0.0
            +---------+---------+-------+---------+---------+-------
